Login

Buffalo Sabres vs Philadelphia Flyers

Created - 21 April 2024 at 23:10

Goals
1 2 3 T
Buffalo Sabres 1 1 2 4
Philadelphia Flyers 2 2 2 6
Shots
1 2 3 T
Buffalo Sabres 12 9 11 32
Philadelphia Flyers 12 9 11 32

GoalsPenalties
1st period
1. Buffalo Sabres , Jeff Skinner 10 (Reilly Smith 4, Frederick Gaudreau 5) at 4:47 (PP)
2. Philadelphia Flyers , Morgan Frost 6 (Mark Kastelic 3, Caleb Jones 4) at 15:18
3. Philadelphia Flyers , Vince Dunn 3 (Travis Konecny 8, Matt Murray) at 17:47 (PP)
Mark Kastelic (PHI) for Diving (Minor) at 4:37
James Van-Riemsdyk (BUF) for Tripping (Minor) at 6:06
Caleb Jones (PHI) for Tripping (Minor) at 8:28
Peyton Krebs (BUF) for Slashing (Minor) at 17:34
Mattias Samuelsson (BUF) for Slashing (Minor) at 19:00
2nd period
4. Philadelphia Flyers , Nick Ritchie 1 (Josh Norris 5, Miles Wood 5) at 4:16
5. Philadelphia Flyers , Joel Farabee 7 (Morgan Frost 5) at 13:39
6. Buffalo Sabres , Casey Mittelstadt 5 (Dylan Cozens 9) at 17:57
Travis Hamonic (PHI) for Cross-checking (Minor) at 9:52
Peyton Krebs (BUF) for Cross-checking (Minor) at 14:07
Peyton Krebs (BUF) for Delaying the game (Minor) at 19:32
3rd period
7. Buffalo Sabres , Jeff Skinner 11 (Frederick Gaudreau 6) at 3:35 (PP)
8. Buffalo Sabres , Dylan Cozens 12 (Casey Mittelstadt 12, Reilly Smith 5) at 4:14
9. Philadelphia Flyers , Morgan Frost 7 (Joel Farabee 3, Caleb Jones 5) at 11:11
10. Philadelphia Flyers , Travis Konecny 12 (Noah Cates 4, Scott Laughton 6) at 19:57
Vince Dunn (PHI) for Holding (Minor) at 3:34
Ryan Donato (PHI) for Tripping (Minor) at 4:23
Owen Power (BUF) for High sticking (Minor) at 8:20
Mattias Samuelsson (BUF) for Roughing (Minor) at 12:26
Travis Konecny (PHI) for Hooking (Minor) at 12:42
Goalie Stats
Anton Forsberg (BUF), 13 saves from 15 shots - (0.867), L, 6-1-0, 25:47 minutes
Ukko-Pekka Luukkonen (BUF), 13 saves from 17 shots - (0.765), 33:39 minutes
Matt Murray (PHI), 28 saves from 32 shots - (0.875), W, 4-6-1, 60:00 minutes
3 StarsOfficial
1 - Morgan Frost (PHI)
2 - Joel Farabee (PHI)
3 - Casey Mittelstadt (BUF)
Referees : Kevin Pollock and Sean MacFarlane
Linesman : Brad Kovachik and Jeff Walker
Game Note
Anton Forsberg enters game at 13:39 of 2nd period
Peyton Krebs is injured at 3:41 of 3rd period (Sports Hernia)
Owen Power is injured at 17:24 of 3rd period (Sports Hernia)
Finance
Level 1 -- Attendance: 5990 (99.83%) -- Ticket Income $599,000
Level 2 -- Attendance: 4583 (91.66%) -- Ticket Income $274,980
Level 3 -- Attendance: 1416 (70.80%) -- Ticket Income $49,560
Level 4 -- Attendance: 2780 (69.50%) -- Ticket Income $69,500
Luxury Box -- Attendance: 958 (95.80%) -- Ticket Income $191,600
Game was played at the Wells Fargo Center.
Total Attendance: 15727 (87.37%)
Total Ticket Income: $1,184,640
Other Income: $580,474
Total Income: $1,765,114



Team Name Goals Shots Shots Attemp Shots Blocked PIM HIT PP PK FO%
Buffalo Sabres 432551714182 / 6 (33%)161%
Philadelphia Flyers 63265412171 / 7 (14%)239%

Buffalo Sabres
Player Name POS G A P +/- PIM HIT SHT SB MP PP MP PP SHT PK MP PK SHT FO% FOT GA TA
Calen AddisonD000-2002115:090:0000:5000% 000
Casey MittelstadtLW1122012013:092:2910:0000% 000
Connor CliftonD000-1000019:352:4403:2000% 000
Dylan CozensC1122001018:012:2904:01044% 902
Erik JohnsonD000-2032524:423:4017:0400% 000
Frederick GaudreauC022-1014122:253:4926:01074% 3511
Jaccob SlavinD000-1010231:153:4006:5900% 001
Jack QuinnRW000-401607:360:0000:0000% 000
Jake EvansC000-300007:010:0000:22050% 401
James Van-RiemsdykLW000-120108:530:0000:00067% 300
Jeff SkinnerLW202-2015224:163:5536:040100% 203
Kyle OkposoRW0000010013:380:0000:00050% 200
Mattias SamuelssonD000040017:420:0600:0500% 000
Owen PowerD0000222322:152:4402:3010% 011
Peyton KrebsC0000631210:540:0000:00033% 1800
Reilly SmithRW0221013019:033:5412:280100% 310
Victor OlofssonRW000-1023011:262:3000:0000% 000
Zemgus GirgensonsLW000-2010010:460:0001:5200% 000
Philadelphia Flyers
Player Name POS G A P +/- PIM HIT SHT SB MP PP MP PP SHT PK MP PK SHT FO% FOT GA TA
Caleb JonesD0223201013:010:0003:0400% 010
Cam YorkD000-1011122:066:5302:3400% 000
Christian FischerRW000000205:170:0000:0000% 000
Garnet HathawayRW000003005:170:0000:0000% 000
Joel FarabeeLW1123012016:594:0801:5600% 401
Josh NorrisC0110004015:420:0100:58060% 1000
Mark KastelicC011022209:570:0003:47027% 1100
Miles WoodLW0110012113:170:0000:0000% 100
Morgan FrostC2133024018:106:1500:52034% 2910
Nick RitchieLW1010022013:260:0100:0000% 000
Noah CatesLW0110011021:196:1502:3700% 001
Ryan DonatoLW0003201017:144:0802:38033% 300
Scott LaughtonC0110001116:094:0800:00063% 1620
Sean WalkerD0003001014:180:0004:2300% 000
Travis HamonicD0001221025:023:3100:4600% 001
Travis KonecnyRW1120201018:526:1500:0000% 220
Travis SanheimD0000012119:283:3102:0100% 010
Vince DunnD1010214026:136:5310:0000% 020

Buffalo Sabres

5 vs 5 Forward
Line #Left WingCenterRight WingPHYDFOFWanted %Time %Time Play
1Jeff SkinnerPeyton KrebsKyle Okposo1224035%14:11
2Casey MittelstadtDylan CozensReilly Smith1223027%10:59
3James Van-RiemsdykFrederick GaudreauVictor Olofsson2212022%8:43
4Zemgus GirgensonsJake EvansJack Quinn2211016%6:35
5 vs 5 Defense
Line #DefenseDefensePHYDFOFWanted %Time %Time Play
1Owen PowerJaccob Slavin1224045%18:13
2Calen AddisonConnor Clifton1223030%12:03
3Erik JohnsonMattias Samuelsson1222016%6:39
4Erik JohnsonCalen Addison122109%3:33
Power Play Forward
Line #Left WingCenterRight WingPHYDFOFWanted %Time %Time Play
1Jeff SkinnerFrederick GaudreauReilly Smith1226061%3:55
2Casey MittelstadtDylan CozensVictor Olofsson1224039%2:29
Power Play Defense
Line #DefenseDefensePHYDFOFWanted %Time %Time Play
1Jaccob SlavinErik Johnson1226057%3:40
2Owen PowerConnor Clifton1224043%2:44
Penalty Kill 4 Players Forward
Line #CenterWingPHYDFOFWanted %Time %Time Play
1Frederick GaudreauJeff Skinner1226076%7:56
2Dylan CozensReilly Smith1224024%2:28
Penalty Kill 4 Players Defense
Line #DefenseDefensePHYDFOFWanted %Time %Time Play
1Jaccob SlavinErik Johnson1226067%6:59
2Owen PowerConnor Clifton1224033%3:25
Penalty Kill 3 Players
Line #WingPHYDFOFWanted %Time %Time PlayDefenseDefensePHYDFOFWanted %Time %Time Play
1Frederick Gaudreau122600%0:00 Jaccob SlavinErik Johnson122600%0:00
2Dylan Cozens122400%0:00 Owen PowerConnor Clifton122400%0:00
4 vs 4 Forward
Line #CenterWingPHYDFOFWanted %Time %Time Play
1Frederick GaudreauJeff Skinner12260100%1:43
2Dylan CozensReilly Smith122400%0:00
4 vs 4 Defense
Line #DefensePHYDFOFWanted %Time %Time Play
1Jaccob SlavinErik Johnson1226080%60% - 1:22
2Owen PowerConnor Clifton1224020%40% - 0:21
Last Minutes Offensive
Left WingCenterRight WingDefenseDefense
Jeff SkinnerPeyton KrebsJack QuinnOwen PowerJaccob Slavin
Last Minutes Defensive
Left WingCenterRight WingDefenseDefense
Jeff SkinnerPeyton KrebsReilly SmithOwen PowerJaccob Slavin
Time
Total ForwardTotal DefenseLast Minutes OffensiveLast Minutes Defensive
60:00 60:00 1:010:00
Extra Forwards
Normal PowerPlayPenalty Kill
Frederick Gaudreau, Peyton Krebs, Reilly SmithFrederick Gaudreau, Victor OlofssonFrederick Gaudreau
Extra Defensemen
Normal PowerPlayPenalty Kill
Connor Clifton, Jaccob Slavin, Erik JohnsonConnor Clifton, Connor CliftonJaccob Slavin
Penalty Shots
Peyton Krebs, Jeff Skinner, Dylan Cozens, Casey Mittelstadt, Frederick Gaudreau
Goalie
Ukko-Pekka Luukkonen, Anton Forsberg
Custom OT Lines Forwards
Jack Quinn, Jeff Skinner, Dylan Cozens, Casey Mittelstadt, Frederick Gaudreau, Peyton Krebs, Reilly Smith, James Van-Riemsdyk, Zemgus Girgensons, Victor Olofsson
Custom OT Lines Defensemen
Erik Johnson, Calen Addison, Jaccob Slavin, Connor Clifton, Owen Power
Scratches
Jordan Greenway (Healthy), Henri Jokiharju (Healthy), Tage Thompson (Healthy)

Philadelphia Flyers

5 vs 5 Forward
Line #Left WingCenterRight WingPHYDFOFWanted %Time %Time Play
1Noah CatesScott LaughtonTravis Konecny1223230%12:01
2Joel FarabeeMorgan FrostRyan Donato1223024%9:53
3Miles WoodJosh NorrisNick Ritchie1222833%13:17
4Garnet HathawayMark KastelicChristian Fischer1221013%5:17
5 vs 5 Defense
Line #DefenseDefensePHYDFOFWanted %Time %Time Play
1Vince DunnTravis Hamonic1224047%19:10
2Travis SanheimCam York1223030%12:20
3Sean WalkerCaleb Jones1222016%6:33
4Sean WalkerCaleb Jones122106%2:25
Power Play Forward
Line #Left WingCenterRight WingPHYDFOFWanted %Time %Time Play
1Noah CatesMorgan FrostTravis Konecny1226060%6:16
2Joel FarabeeScott LaughtonRyan Donato1224040%4:08
Power Play Defense
Line #DefenseDefensePHYDFOFWanted %Time %Time Play
1Vince DunnCam York1226066%6:53
2Travis SanheimTravis Hamonic1224034%3:31
Penalty Kill 4 Players Forward
Line #CenterWingPHYDFOFWanted %Time %Time Play
1Mark KastelicRyan Donato1226085%5:26
2Josh NorrisNoah Cates1224015%0:58
Penalty Kill 4 Players Defense
Line #DefenseDefensePHYDFOFWanted %Time %Time Play
1Sean WalkerCaleb Jones1226068%4:23
2Travis SanheimCam York1224032%2:01
Penalty Kill 3 Players
Line #WingPHYDFOFWanted %Time %Time PlayDefenseDefensePHYDFOFWanted %Time %Time Play
1Mark Kastelic122600%0:00 Sean WalkerCaleb Jones122600%0:00
2Josh Norris122400%0:00 Travis SanheimCam York122400%0:00
4 vs 4 Forward
Line #CenterWingPHYDFOFWanted %Time %Time Play
1Morgan FrostTravis Konecny12260100%1:43
2Scott LaughtonNoah Cates122400%0:00
4 vs 4 Defense
Line #DefensePHYDFOFWanted %Time %Time Play
1Vince DunnCam York1226066%60% - 1:08
2Travis SanheimTravis Hamonic1224034%40% - 0:35
Last Minutes Offensive
Left WingCenterRight WingDefenseDefense
Noah CatesScott LaughtonTravis KonecnyVince DunnCam York
Last Minutes Defensive
Left WingCenterRight WingDefenseDefense
Noah CatesScott LaughtonTravis KonecnyTravis SanheimTravis Hamonic
Time
Total ForwardTotal DefenseLast Minutes OffensiveLast Minutes Defensive
60:00 60:00 0:001:01
Extra Forwards
Normal PowerPlayPenalty Kill
Josh Norris, Morgan Frost, Joel FarabeeJosh Norris, Morgan FrostJoel Farabee
Extra Defensemen
Normal PowerPlayPenalty Kill
Travis Sanheim, Cam York, Travis HamonicTravis Sanheim, Cam YorkTravis Hamonic
Penalty Shots
Travis Konecny, Scott Laughton, Josh Norris, Noah Cates, Morgan Frost
Goalie
Matt Murray, Samuel Ersson
Custom OT Lines Forwards
Travis Konecny, Scott Laughton, Noah Cates, Josh Norris, Morgan Frost, Joel Farabee, Christian Fischer, Miles Wood, Garnet Hathaway, Nick Ritchie
Custom OT Lines Defensemen
Vince Dunn, Cam York, Travis Sanheim, Travis Hamonic, Sean Walker
Scratches
Jack Drury (Healthy), Anthony Duclair (Healthy), Egor Zamula (Healthy)


Play-by-Play

1st period


0:01 of 1st period - Jeff Skinner wins face-off versus Scott Laughton in neutral zone.
0:47 of 1st period - Vince Dunn is hit by Jack Quinn and loses puck.
0:52 of 1st period - Snap shot by Jack Quinn.
0:52 of 1st period - Deflect By Josh Norris.
0:52 of 1st period - Stopped by Matt Murray without a rebound.
0:53 of 1st period - Josh Norris wins face-off versus Jake Evans in Philadelphia Flyers zone.
1:10 of 1st period - Off-side.
1:11 of 1st period - Frederick Gaudreau wins face-off versus Mark Kastelic in neutral zone.
1:18 of 1st period - Wrist shot by Victor Olofsson.
1:18 of 1st period - Stopped by Matt Murray without a rebound.
1:19 of 1st period - Frederick Gaudreau wins face-off versus Mark Kastelic in Philadelphia Flyers zone.
1:24 of 1st period - Slapshot by Frederick Gaudreau.
1:24 of 1st period - Stopped by Matt Murray without a rebound.
1:25 of 1st period - Scott Laughton wins face-off versus Peyton Krebs in Philadelphia Flyers zone.
1:51 of 1st period - Casey Mittelstadt is hit by Morgan Frost and loses puck.
2:40 of 1st period - Slapshot by Vince Dunn.
2:40 of 1st period - Shot Blocked by Erik Johnson.
4:22 of 1st period - Dylan Cozens is hit by Garnet Hathaway and loses puck.
4:37 of 1st period - Minor Penalty to Mark Kastelic for Diving.
4:38 of 1st period - Frederick Gaudreau wins face-off versus Joel Farabee in Philadelphia Flyers zone.
4:45 of 1st period - Slapshot by Jeff Skinner.
4:45 of 1st period - Shot Misses the Net.
4:47 of 1st period - Snap shot by Jeff Skinner.
4:47 of 1st period - Goal by Jeff Skinner - Buffalo Sabres : 1 - Philadelphia Flyers : 0.
4:48 of 1st period - Morgan Frost wins face-off versus Peyton Krebs in neutral zone.
5:05 of 1st period - Wrist shot by Morgan Frost.
5:05 of 1st period - Stopped by Ukko-Pekka Luukkonen with a rebound.
5:42 of 1st period - Snap shot by Scott Laughton.
5:42 of 1st period - Stopped by Ukko-Pekka Luukkonen without a rebound.
5:43 of 1st period - Scott Laughton wins face-off versus Frederick Gaudreau in Buffalo Sabres zone.
6:06 of 1st period - Minor Penalty to James Van-Riemsdyk for Tripping.
6:07 of 1st period - Frederick Gaudreau wins face-off versus Morgan Frost in Buffalo Sabres zone.
7:30 of 1st period - Slapshot by Owen Power.
7:30 of 1st period - Stopped by Matt Murray with a rebound.
8:06 of 1st period - Penalty to James Van-Riemsdyk is over, James Van-Riemsdyk is back on ice.
8:16 of 1st period - Slapshot by Christian Fischer.
8:16 of 1st period - Stopped by Ukko-Pekka Luukkonen without a rebound.
8:17 of 1st period - Jake Evans wins face-off versus Mark Kastelic in Buffalo Sabres zone.
8:17 of 1st period - Jake Evans is hit by Garnet Hathaway.
8:28 of 1st period - Minor Penalty to Caleb Jones for Tripping.
8:29 of 1st period - Frederick Gaudreau wins face-off versus Mark Kastelic in Philadelphia Flyers zone.
8:31 of 1st period - Snap shot by Reilly Smith.
8:31 of 1st period - Shot Misses the Net.
8:33 of 1st period - Slapshot by Erik Johnson.
8:33 of 1st period - Stopped by Matt Murray with a rebound.
8:35 of 1st period - Snap shot by Frederick Gaudreau.
8:35 of 1st period - Stopped by Matt Murray without a rebound.
8:36 of 1st period - Frederick Gaudreau wins face-off versus Mark Kastelic in Philadelphia Flyers zone.
8:45 of 1st period - Wrist shot by Jeff Skinner.
8:45 of 1st period - Stopped by Matt Murray with a rebound.
10:28 of 1st period - Penalty to Caleb Jones is over, Caleb Jones is back on ice.
10:42 of 1st period - Travis Sanheim is hit by Erik Johnson and loses puck.
10:57 of 1st period - Icing by Nick Ritchie.
10:58 of 1st period - Josh Norris wins face-off versus Peyton Krebs in Philadelphia Flyers zone.
12:02 of 1st period - Snap shot by Josh Norris.
12:02 of 1st period - Stopped by Ukko-Pekka Luukkonen with a rebound.
12:28 of 1st period - Slapshot by Calen Addison.
12:28 of 1st period - Shot Misses the Net.
12:30 of 1st period - Slapshot by Calen Addison.
12:30 of 1st period - Stopped by Matt Murray with a rebound.
12:42 of 1st period - Connor Clifton is hit by Travis Hamonic and loses puck.
12:56 of 1st period - Slapshot by Calen Addison.
12:56 of 1st period - Deflect By Zemgus Girgensons.
12:56 of 1st period - Shot Misses the Net.
12:56 of 1st period - Puck is out of play.
12:57 of 1st period - Dylan Cozens wins face-off versus Morgan Frost in Philadelphia Flyers zone.
13:00 of 1st period - Snap shot by Reilly Smith.
13:00 of 1st period - Stopped by Matt Murray with a rebound.
13:02 of 1st period - Slapshot by Dylan Cozens.
13:02 of 1st period - Shot Blocked by Cam York.
13:24 of 1st period - Victor Olofsson is hit by Noah Cates and loses puck.
15:16 of 1st period - Snap shot by Mark Kastelic.
15:16 of 1st period - Shot Misses the Net.
15:18 of 1st period - Snap shot by Morgan Frost.
15:18 of 1st period - Goal by Morgan Frost - Buffalo Sabres : 1 - Philadelphia Flyers : 1.
15:19 of 1st period - Morgan Frost wins face-off versus Dylan Cozens in neutral zone.
15:59 of 1st period - James Van-Riemsdyk is hit by Travis Hamonic and loses puck.
16:10 of 1st period - Snap shot by Mark Kastelic.
16:10 of 1st period - Stopped by Ukko-Pekka Luukkonen with a rebound.
16:12 of 1st period - Slapshot by Mark Kastelic.
16:12 of 1st period - Shot Misses the Net.
16:14 of 1st period - Slapshot by Cam York.
16:14 of 1st period - Stopped by Ukko-Pekka Luukkonen with a rebound.
16:16 of 1st period - Slapshot by Mark Kastelic.
16:16 of 1st period - Stopped by Ukko-Pekka Luukkonen without a rebound.
16:17 of 1st period - Kyle Okposo wins face-off versus Mark Kastelic in Buffalo Sabres zone.
16:17 of 1st period - Kyle Okposo is hit by Cam York.
16:28 of 1st period - Off-side.
16:29 of 1st period - Morgan Frost wins face-off versus Peyton Krebs in neutral zone.
17:23 of 1st period - Slapshot by Travis Hamonic.
17:23 of 1st period - Deflect By Nick Ritchie.
17:23 of 1st period - Shot Blocked by Jaccob Slavin.
17:23 of 1st period - Puck is out of play.
17:24 of 1st period - Josh Norris wins face-off versus Peyton Krebs in Buffalo Sabres zone.
17:25 of 1st period - Snap shot by Nick Ritchie.
17:25 of 1st period - Deflect By Josh Norris.
17:25 of 1st period - Stopped by Ukko-Pekka Luukkonen with a rebound.
17:29 of 1st period - Wrist shot by Nick Ritchie.
17:29 of 1st period - Stopped by Ukko-Pekka Luukkonen with a rebound.
17:31 of 1st period - Slapshot by Sean Walker.
17:31 of 1st period - Stopped by Ukko-Pekka Luukkonen without a rebound.
17:32 of 1st period - Peyton Krebs wins face-off versus Morgan Frost in Buffalo Sabres zone.
17:34 of 1st period - Minor Penalty to Peyton Krebs for Slashing.
17:35 of 1st period - Frederick Gaudreau wins face-off versus Morgan Frost in Buffalo Sabres zone.
17:47 of 1st period - Backhand shot by Vince Dunn.
17:47 of 1st period - Goal by Vince Dunn - Buffalo Sabres : 1 - Philadelphia Flyers : 2.
17:48 of 1st period - Morgan Frost wins face-off versus Peyton Krebs in neutral zone.
17:57 of 1st period - Snap shot by Owen Power.
17:57 of 1st period - Stopped by Matt Murray without a rebound.
17:58 of 1st period - Jeff Skinner wins face-off versus Ryan Donato in Philadelphia Flyers zone.
18:01 of 1st period - Snap shot by Jeff Skinner.
18:01 of 1st period - Stopped by Matt Murray with a rebound.
18:03 of 1st period - Slapshot by Peyton Krebs.
18:03 of 1st period - Deflect By Jeff Skinner.
18:03 of 1st period - Shot Misses the Net.
18:03 of 1st period - Puck is out of play.
18:04 of 1st period - Peyton Krebs wins face-off versus Scott Laughton in Philadelphia Flyers zone.
18:31 of 1st period - Dylan Cozens is hit by Joel Farabee and loses puck.
19:00 of 1st period - Minor Penalty to Mattias Samuelsson for Slashing.
19:01 of 1st period - Frederick Gaudreau wins face-off versus Morgan Frost in Buffalo Sabres zone.
19:10 of 1st period - Slapshot by Vince Dunn.
19:10 of 1st period - Shot Blocked by Erik Johnson.
19:12 of 1st period - Slapshot by Cam York.
19:12 of 1st period - Deflect By Travis Konecny.
19:12 of 1st period - Shot Misses the Net.
19:12 of 1st period - Puck is out of play.
19:13 of 1st period - Morgan Frost wins face-off versus Frederick Gaudreau in Buffalo Sabres zone.
Goals for this period are 1 for Buffalo Sabres vs 2 for Philadelphia Flyers.
Shots for this period are 12 for Buffalo Sabres vs 12 for Philadelphia Flyers.

2nd period


0:01 of 2nd period - Frederick Gaudreau wins face-off versus Morgan Frost in neutral zone.
1:00 of 2nd period - Penalty to Mattias Samuelsson is over, Mattias Samuelsson is back on ice.
1:10 of 2nd period - Reilly Smith is hit by Miles Wood.
1:35 of 2nd period - Caleb Jones is hit by Erik Johnson and loses puck.
2:17 of 2nd period - Snap shot by Frederick Gaudreau.
2:17 of 2nd period - Stopped by Matt Murray with a rebound.
2:19 of 2nd period - Slapshot by Victor Olofsson.
2:19 of 2nd period - Shot Misses the Net.
2:21 of 2nd period - Snap shot by Mattias Samuelsson.
2:21 of 2nd period - Deflect By Victor Olofsson.
2:21 of 2nd period - Stopped by Matt Murray with a rebound.
2:43 of 2nd period - Wrist shot by Vince Dunn.
2:43 of 2nd period - Stopped by Ukko-Pekka Luukkonen with a rebound.
2:45 of 2nd period - Snap shot by Ryan Donato.
2:45 of 2nd period - Deflect By Casey Mittelstadt.
2:45 of 2nd period - Stopped by Ukko-Pekka Luukkonen with a rebound.
3:03 of 2nd period - Slapshot by Travis Sanheim.
3:03 of 2nd period - Shot Misses the Net.
3:05 of 2nd period - Slapshot by Cam York.
3:05 of 2nd period - Deflect By Nick Ritchie.
3:05 of 2nd period - Shot Misses the Net.
3:05 of 2nd period - Puck is out of play.
3:06 of 2nd period - Morgan Frost wins face-off versus Peyton Krebs in Buffalo Sabres zone.
3:07 of 2nd period - Slapshot by Joel Farabee.
3:07 of 2nd period - Shot Blocked by Jaccob Slavin.
3:09 of 2nd period - Slapshot by Sean Walker.
3:09 of 2nd period - Shot Blocked by Owen Power.
3:11 of 2nd period - Slapshot by Caleb Jones.
3:11 of 2nd period - Shot Blocked by Jeff Skinner.
3:33 of 2nd period - Sean Walker is hit by Victor Olofsson and loses puck.
3:58 of 2nd period - Snap shot by Jake Evans.
3:58 of 2nd period - Deflect By Jack Quinn.
3:58 of 2nd period - Stopped by Matt Murray with a rebound.
4:14 of 2nd period - Snap shot by Josh Norris.
4:14 of 2nd period - Shot Blocked by Owen Power.
4:16 of 2nd period - Snap shot by Nick Ritchie.
4:16 of 2nd period - Goal by Nick Ritchie - Buffalo Sabres : 1 - Philadelphia Flyers : 3.
4:17 of 2nd period - Peyton Krebs wins face-off versus Travis Konecny in neutral zone.
4:52 of 2nd period - Snap shot by Owen Power.
4:52 of 2nd period - Shot Misses the Net.
5:58 of 2nd period - Snap shot by Josh Norris.
5:58 of 2nd period - Shot Misses the Net.
7:00 of 2nd period - Slapshot by Caleb Jones.
7:00 of 2nd period - Stopped by Ukko-Pekka Luukkonen without a rebound.
7:01 of 2nd period - Scott Laughton wins face-off versus Peyton Krebs in Buffalo Sabres zone.
7:30 of 2nd period - Snap shot by Frederick Gaudreau.
7:30 of 2nd period - Shot Misses the Net.
7:32 of 2nd period - Wrist shot by Frederick Gaudreau.
7:32 of 2nd period - Shot Misses the Net.
7:47 of 2nd period - Icing by Connor Clifton.
7:48 of 2nd period - Ryan Donato wins face-off versus James Van-Riemsdyk in Buffalo Sabres zone.
7:51 of 2nd period - Wrist shot by Joel Farabee.
7:51 of 2nd period - Shot Blocked by Frederick Gaudreau.
8:03 of 2nd period - Cam York is hit by Victor Olofsson and loses puck.
8:10 of 2nd period - Frederick Gaudreau is hit by Travis Sanheim and loses puck.
8:25 of 2nd period - Josh Norris is hit by Kyle Okposo and loses puck.
8:30 of 2nd period - Snap shot by Jeff Skinner.
8:30 of 2nd period - Stopped by Matt Murray with a rebound.
8:32 of 2nd period - Slapshot by Peyton Krebs.
8:32 of 2nd period - Stopped by Matt Murray with a rebound.
8:50 of 2nd period - Wrist shot by Reilly Smith.
8:50 of 2nd period - Stopped by Matt Murray with a rebound.
8:52 of 2nd period - Slapshot by Jaccob Slavin.
8:52 of 2nd period - Deflect By Reilly Smith.
8:52 of 2nd period - Shot Misses the Net.
8:52 of 2nd period - Puck is out of play.
8:53 of 2nd period - Scott Laughton wins face-off versus Peyton Krebs in Philadelphia Flyers zone.
8:53 of 2nd period - Scott Laughton is hit by Owen Power.
9:08 of 2nd period - Travis Konecny is hit by Peyton Krebs and loses puck.
9:39 of 2nd period - Wrist shot by Frederick Gaudreau.
9:39 of 2nd period - Shot Misses the Net.
9:52 of 2nd period - Minor Penalty to Travis Hamonic for Cross-checking.
9:53 of 2nd period - Frederick Gaudreau wins face-off versus Mark Kastelic in Philadelphia Flyers zone.
11:10 of 2nd period - Icing by Connor Clifton.
11:11 of 2nd period - Frederick Gaudreau wins face-off versus Joel Farabee in Buffalo Sabres zone.
11:16 of 2nd period - Joel Farabee is hit by Jeff Skinner.
11:52 of 2nd period - Penalty to Travis Hamonic is over, Travis Hamonic is back on ice.
12:20 of 2nd period - Icing by Cam York.
12:21 of 2nd period - Peyton Krebs wins face-off versus Morgan Frost in Philadelphia Flyers zone.
12:41 of 2nd period - Icing by Peyton Krebs.
12:42 of 2nd period - Scott Laughton wins face-off versus Peyton Krebs in Buffalo Sabres zone.
13:11 of 2nd period - Snap shot by Josh Norris.
13:11 of 2nd period - Shot Blocked by Erik Johnson.
13:13 of 2nd period - Wrist shot by Josh Norris.
13:13 of 2nd period - Shot Blocked by Erik Johnson.
13:15 of 2nd period - Slapshot by Travis Hamonic.
13:15 of 2nd period - Shot Blocked by Erik Johnson.
13:39 of 2nd period - Snap shot by Joel Farabee.
13:39 of 2nd period - Goal by Joel Farabee - Buffalo Sabres : 1 - Philadelphia Flyers : 4.
13:39 of 2nd period - Anton Forsberg enters game.
13:40 of 2nd period - Peyton Krebs wins face-off versus Scott Laughton in neutral zone.
13:49 of 2nd period - Noah Cates is hit by Peyton Krebs and loses puck.
14:07 of 2nd period - Minor Penalty to Peyton Krebs for Cross-checking.
14:08 of 2nd period - Frederick Gaudreau wins face-off versus Morgan Frost in Buffalo Sabres zone.
14:41 of 2nd period - Slapshot by Joel Farabee.
14:41 of 2nd period - Shot Misses the Net.
16:07 of 2nd period - Penalty to Peyton Krebs is over, Peyton Krebs is back on ice.
16:14 of 2nd period - Miles Wood is hit by Reilly Smith and loses puck.
16:23 of 2nd period - Snap shot by Travis Hamonic.
16:23 of 2nd period - Stopped by Anton Forsberg with a rebound.
16:25 of 2nd period - Snap shot by Josh Norris.
16:25 of 2nd period - Stopped by Anton Forsberg with a rebound.
16:35 of 2nd period - Victor Olofsson is hit by Mark Kastelic and loses puck.
17:13 of 2nd period - Jeff Skinner is hit by Garnet Hathaway.
17:17 of 2nd period - Owen Power is hit by Mark Kastelic and loses puck.
17:33 of 2nd period - Off-side.
17:34 of 2nd period - Josh Norris wins face-off versus Dylan Cozens in neutral zone.
17:37 of 2nd period - Calen Addison is hit by Nick Ritchie and loses puck.
17:57 of 2nd period - Slapshot by Casey Mittelstadt.
17:57 of 2nd period - Goal by Casey Mittelstadt - Buffalo Sabres : 2 - Philadelphia Flyers : 4.
17:58 of 2nd period - Scott Laughton wins face-off versus Kyle Okposo in neutral zone.
18:11 of 2nd period - Slapshot by Vince Dunn.
18:11 of 2nd period - Shot Blocked by Peyton Krebs.
18:13 of 2nd period - Snap shot by Noah Cates.
18:13 of 2nd period - Stopped by Anton Forsberg with a rebound.
18:15 of 2nd period - Slapshot by Vince Dunn.
18:15 of 2nd period - Stopped by Anton Forsberg without a rebound.
18:16 of 2nd period - Morgan Frost wins face-off versus Dylan Cozens in Buffalo Sabres zone.
18:43 of 2nd period - Vince Dunn is hit by Peyton Krebs and loses puck.
19:06 of 2nd period - Wrist shot by James Van-Riemsdyk.
19:06 of 2nd period - Stopped by Matt Murray with a rebound.
19:08 of 2nd period - Slapshot by Calen Addison.
19:08 of 2nd period - Stopped by Matt Murray without a rebound.
19:09 of 2nd period - Josh Norris wins face-off versus Dylan Cozens in Philadelphia Flyers zone.
19:25 of 2nd period - Snap shot by Josh Norris.
19:25 of 2nd period - Deflect By Nick Ritchie.
19:25 of 2nd period - Shot Misses the Net.
19:25 of 2nd period - Puck is out of play.
19:26 of 2nd period - Scott Laughton wins face-off versus Peyton Krebs in Buffalo Sabres zone.
19:32 of 2nd period - Minor Penalty to Peyton Krebs for Delaying the game.
19:33 of 2nd period - Morgan Frost wins face-off versus Frederick Gaudreau in Buffalo Sabres zone.
Goals for this period are 1 for Buffalo Sabres vs 2 for Philadelphia Flyers.
Shots for this period are 9 for Buffalo Sabres vs 9 for Philadelphia Flyers.

3rd period


0:01 of 3rd period - Frederick Gaudreau wins face-off versus Morgan Frost in neutral zone.
0:14 of 3rd period - Snap shot by Morgan Frost.
0:14 of 3rd period - Shot Misses the Net.
0:16 of 3rd period - Snap shot by Morgan Frost.
0:16 of 3rd period - Shot Blocked by Jeff Skinner.
1:32 of 3rd period - Penalty to Peyton Krebs is over, Peyton Krebs is back on ice.
1:38 of 3rd period - Wrist shot by Miles Wood.
1:38 of 3rd period - Stopped by Anton Forsberg with a rebound.
1:40 of 3rd period - Snap shot by Sean Walker.
1:40 of 3rd period - Deflect By Josh Norris.
1:40 of 3rd period - Stopped by Anton Forsberg without a rebound.
1:41 of 3rd period - Peyton Krebs wins face-off versus Josh Norris in Buffalo Sabres zone.
2:18 of 3rd period - Wrist shot by Caleb Jones.
2:18 of 3rd period - Deflect By Mark Kastelic.
2:18 of 3rd period - Shot Misses the Net.
2:18 of 3rd period - Puck is out of play.
2:19 of 3rd period - Dylan Cozens wins face-off versus Scott Laughton in Buffalo Sabres zone.
2:26 of 3rd period - Snap shot by Owen Power.
2:26 of 3rd period - Deflect By Dylan Cozens.
2:26 of 3rd period - Shot Misses the Net.
2:26 of 3rd period - Puck is out of play.
2:27 of 3rd period - Scott Laughton wins face-off versus Dylan Cozens in Philadelphia Flyers zone.
2:32 of 3rd period - Casey Mittelstadt is hit by Vince Dunn and loses puck.
3:34 of 3rd period - Minor Penalty to Vince Dunn for Holding.
3:35 of 3rd period - Frederick Gaudreau wins face-off versus Ryan Donato in Philadelphia Flyers zone.
3:35 of 3rd period - Snap shot by Jeff Skinner.
3:35 of 3rd period - Goal by Jeff Skinner - Buffalo Sabres : 3 - Philadelphia Flyers : 4.
3:36 of 3rd period - Morgan Frost wins face-off versus Peyton Krebs in neutral zone.
3:41 of 3rd period - Slapshot by Joel Farabee.
3:41 of 3rd period - Shot Blocked by Peyton Krebs.
3:41 of 3rd period - Peyton Krebs from Buffalo Sabres is injured at 3:41 of 3rd period (Sports Hernia).
3:42 of 3rd period - Frederick Gaudreau wins face-off versus Morgan Frost in Buffalo Sabres zone.
3:47 of 3rd period - Morgan Frost is hit by Frederick Gaudreau and loses puck.
3:56 of 3rd period - Snap shot by Morgan Frost.
3:56 of 3rd period - Shot Misses the Net.
4:12 of 3rd period - Wrist shot by Casey Mittelstadt.
4:12 of 3rd period - Shot Blocked by Scott Laughton.
4:14 of 3rd period - Snap shot by Dylan Cozens.
4:14 of 3rd period - Goal by Dylan Cozens - Buffalo Sabres : 4 - Philadelphia Flyers : 4.
4:15 of 3rd period - Frederick Gaudreau wins face-off versus Morgan Frost in neutral zone.
4:23 of 3rd period - Minor Penalty to Ryan Donato for Tripping.
4:24 of 3rd period - Mark Kastelic wins face-off versus Frederick Gaudreau in Philadelphia Flyers zone.
4:40 of 3rd period - Wrist shot by Reilly Smith.
4:40 of 3rd period - Stopped by Matt Murray with a rebound.
4:57 of 3rd period - Snap shot by Casey Mittelstadt.
4:57 of 3rd period - Stopped by Matt Murray without a rebound.
4:58 of 3rd period - Mark Kastelic wins face-off versus Frederick Gaudreau in Philadelphia Flyers zone.
5:06 of 3rd period - Icing by Jeff Skinner.
5:07 of 3rd period - Mark Kastelic wins face-off versus Frederick Gaudreau in Buffalo Sabres zone.
5:29 of 3rd period - Slapshot by Frederick Gaudreau.
5:29 of 3rd period - Stopped by Matt Murray with a rebound.
5:31 of 3rd period - Wrist shot by Owen Power.
5:31 of 3rd period - Deflect By Reilly Smith.
5:31 of 3rd period - Shot Misses the Net.
5:31 of 3rd period - Puck is out of play.
5:32 of 3rd period - Dylan Cozens wins face-off versus Morgan Frost in Philadelphia Flyers zone.
6:12 of 3rd period - Erik Johnson is hit by Morgan Frost and loses puck.
6:23 of 3rd period - Penalty to Ryan Donato is over, Ryan Donato is back on ice.
6:28 of 3rd period - Wrist shot by Jack Quinn.
6:28 of 3rd period - Stopped by Matt Murray with a rebound.
6:30 of 3rd period - Slapshot by Erik Johnson.
6:30 of 3rd period - Stopped by Matt Murray with a rebound.
6:32 of 3rd period - Snap shot by Zemgus Girgensons.
6:32 of 3rd period - Shot Misses the Net.
6:34 of 3rd period - Snap shot by Zemgus Girgensons.
6:34 of 3rd period - Shot Misses the Net.
6:36 of 3rd period - Wrist shot by Jaccob Slavin.
6:36 of 3rd period - Shot Blocked by Travis Sanheim.
6:38 of 3rd period - Backhand shot by Jack Quinn.
6:38 of 3rd period - Stopped by Matt Murray with a rebound.
6:40 of 3rd period - Snap shot by Jack Quinn.
6:40 of 3rd period - Stopped by Matt Murray with a rebound.
6:50 of 3rd period - Wrist shot by Dylan Cozens.
6:50 of 3rd period - Shot Blocked by Miles Wood.
7:09 of 3rd period - Icing by Frederick Gaudreau.
7:10 of 3rd period - Scott Laughton wins face-off versus Frederick Gaudreau in Buffalo Sabres zone.
7:13 of 3rd period - Slapshot by Vince Dunn.
7:13 of 3rd period - Stopped by Anton Forsberg without a rebound.
7:14 of 3rd period - Frederick Gaudreau wins face-off versus Joel Farabee in Buffalo Sabres zone.
7:16 of 3rd period - Icing by Calen Addison.
7:17 of 3rd period - Frederick Gaudreau wins face-off versus Morgan Frost in Buffalo Sabres zone.
7:48 of 3rd period - Wrist shot by Jack Quinn.
7:48 of 3rd period - Stopped by Matt Murray without a rebound.
7:49 of 3rd period - Scott Laughton wins face-off versus Jake Evans in Philadelphia Flyers zone.
7:49 of 3rd period - Scott Laughton is hit by Zemgus Girgensons.
8:20 of 3rd period - Minor Penalty to Owen Power for High sticking.
8:21 of 3rd period - Frederick Gaudreau wins face-off versus Morgan Frost in Buffalo Sabres zone.
10:20 of 3rd period - Penalty to Owen Power is over, Owen Power is back on ice.
10:40 of 3rd period - Slapshot by Christian Fischer.
10:40 of 3rd period - Stopped by Anton Forsberg with a rebound.
10:42 of 3rd period - Snap shot by Christian Fischer.
10:42 of 3rd period - Shot Blocked by Mattias Samuelsson.
10:44 of 3rd period - Wrist shot by Travis Sanheim.
10:44 of 3rd period - Deflect By Reilly Smith.
10:44 of 3rd period - Stopped by Anton Forsberg without a rebound.
10:45 of 3rd period - James Van-Riemsdyk wins face-off versus Josh Norris in Buffalo Sabres zone.
11:01 of 3rd period - Snap shot by Miles Wood.
11:01 of 3rd period - Stopped by Anton Forsberg without a rebound.
11:02 of 3rd period - Jake Evans wins face-off versus Morgan Frost in Buffalo Sabres zone.
11:07 of 3rd period - Wrist shot by Joel Farabee.
11:07 of 3rd period - Stopped by Anton Forsberg with a rebound.
11:09 of 3rd period - Wrist shot by Morgan Frost.
11:09 of 3rd period - Stopped by Anton Forsberg with a rebound.
11:11 of 3rd period - Snap shot by Joel Farabee.
11:11 of 3rd period - Deflect By Morgan Frost.
11:11 of 3rd period - Goal by Morgan Frost - Buffalo Sabres : 4 - Philadelphia Flyers : 5.
11:12 of 3rd period - Frederick Gaudreau wins face-off versus Morgan Frost in neutral zone.
11:43 of 3rd period - Travis Konecny is hit by Casey Mittelstadt and loses puck.
11:52 of 3rd period - Slapshot by Casey Mittelstadt.
11:52 of 3rd period - Shot Misses the Net.
12:13 of 3rd period - Off-side.
12:14 of 3rd period - Frederick Gaudreau wins face-off versus Morgan Frost in neutral zone.
12:26 of 3rd period - Minor Penalty to Mattias Samuelsson for Roughing.
12:27 of 3rd period - Morgan Frost wins face-off versus Frederick Gaudreau in Buffalo Sabres zone.
12:42 of 3rd period - Minor Penalty to Travis Konecny for Hooking.
12:43 of 3rd period - Frederick Gaudreau wins face-off versus Morgan Frost in Philadelphia Flyers zone.
12:44 of 3rd period - Snap shot by Jeff Skinner.
12:44 of 3rd period - Shot Misses the Net.
13:25 of 3rd period - Icing by Owen Power.
13:26 of 3rd period - Frederick Gaudreau wins face-off versus Joel Farabee in Buffalo Sabres zone.
13:36 of 3rd period - Icing by Joel Farabee.
13:37 of 3rd period - Frederick Gaudreau wins face-off versus Morgan Frost in Philadelphia Flyers zone.
14:14 of 3rd period - Josh Norris is hit by Erik Johnson.
14:26 of 3rd period - Penalty to Mattias Samuelsson is over, Mattias Samuelsson is back on ice.
14:31 of 3rd period - Off-side.
14:32 of 3rd period - Dylan Cozens wins face-off versus Mark Kastelic in neutral zone.
14:42 of 3rd period - Penalty to Travis Konecny is over, Travis Konecny is back on ice.
14:46 of 3rd period - Wrist shot by Casey Mittelstadt.
14:46 of 3rd period - Shot Misses the Net.
16:03 of 3rd period - Vince Dunn is hit by Jaccob Slavin.
16:13 of 3rd period - Travis Konecny is hit by Owen Power and loses puck.
16:40 of 3rd period - Slapshot by Travis Sanheim.
16:40 of 3rd period - Shot Blocked by Calen Addison.
16:42 of 3rd period - Slapshot by Travis Sanheim.
16:42 of 3rd period - Stopped by Anton Forsberg without a rebound.
16:43 of 3rd period - Frederick Gaudreau wins face-off versus Josh Norris in Buffalo Sabres zone.
17:24 of 3rd period - Wrist shot by Morgan Frost.
17:24 of 3rd period - Shot Blocked by Owen Power.
17:24 of 3rd period - Owen Power from Buffalo Sabres is injured at 17:24 of 3rd period (Sports Hernia).
17:25 of 3rd period - James Van-Riemsdyk wins face-off versus Josh Norris in Buffalo Sabres zone.
17:30 of 3rd period - Slapshot by Vince Dunn.
17:30 of 3rd period - Shot Misses the Net.
17:33 of 3rd period - Icing by Victor Olofsson.
17:34 of 3rd period - Frederick Gaudreau wins face-off versus Miles Wood in Buffalo Sabres zone.
17:51 of 3rd period - James Van-Riemsdyk is hit by Nick Ritchie and loses puck.
18:29 of 3rd period - Wrist shot by Josh Norris.
18:29 of 3rd period - Shot Misses the Net.
18:56 of 3rd period - Snap shot by Victor Olofsson.
18:56 of 3rd period - Deflect By Travis Hamonic.
18:56 of 3rd period - Stopped by Matt Murray without a rebound.
18:57 of 3rd period - Hans Blomgren call a timeout for Buffalo Sabres.
18:57 of 3rd period - Reilly Smith wins face-off versus Scott Laughton in Philadelphia Flyers zone.
19:00 of 3rd period - Buffalo Sabres, Anton Forsberg is pulled from the net.
19:04 of 3rd period - Snap shot by Reilly Smith.
19:04 of 3rd period - Shot Misses the Net.
19:07 of 3rd period - Icing by Travis Hamonic.
19:08 of 3rd period - Reilly Smith wins face-off versus Scott Laughton in Philadelphia Flyers zone.
19:29 of 3rd period - Wrist shot by Noah Cates.
19:29 of 3rd period - Shot Misses the Net.
19:31 of 3rd period - Slapshot by Travis Hamonic.
19:31 of 3rd period - Shot Misses the Net.
19:33 of 3rd period - Snap shot by Noah Cates.
19:33 of 3rd period - Deflect By Travis Konecny.
19:33 of 3rd period - Shot Misses the Net.
19:33 of 3rd period - Puck is out of play.
19:34 of 3rd period - Anton Forsberg from Buffalo Sabres was sent back in the game.
19:34 of 3rd period - Reilly Smith wins face-off versus Travis Konecny in Buffalo Sabres zone.
19:57 of 3rd period - Wrist shot by Travis Konecny.
19:57 of 3rd period - Deflect By Jeff Skinner.
19:57 of 3rd period - Goal by Travis Konecny - Buffalo Sabres : 4 - Philadelphia Flyers : 6.
19:58 of 3rd period - Josh Norris wins face-off versus Frederick Gaudreau in neutral zone.
Goals for this period are 2 for Buffalo Sabres vs 2 for Philadelphia Flyers.
Shots for this period are 11 for Buffalo Sabres vs 11 for Philadelphia Flyers.